 Dungeon Crawl Stone Soup version 0.22-a0-351-g29664b4 (webtiles) character file.

186 Deeps the Chopper (level 5, -1/34 HPs)
             Began as a Gargoyle Monk on Apr 14, 2018.
             Slain by an orc
             ... wielding a +0 club
              (3 damage)
             ... on level 2 of the Dungeon.
             The game lasted 00:04:20 (2461 turns).

Deeps the Chopper (Gargoyle Monk)                   Turns: 2461, Time: 00:04:21

Health: -1/34      AC:  6    Str: 13 (15) XL:     5   Next: 66%
Magic:  5/5        EV: 12    Int: 10 (11) God:
Gold:   119        SH:  0    Dex: 11 (12) Spells: 4/4 levels left

rFire    . . .     SeeInvis .   a - +0 hand axe
rCold    . . .     Gourm    .   (no shield)
rNeg     + . .     Faith    .   b - +0 robe
rPois    ∞         Spirit   .   (no helmet)
rElec    +         Reflect  .   f - scarf {cloud immunity}
rCorr    .         Harm     .   (no gloves)
MR       .....                  (no boots)
Stlth    ++........             (no amulet)
HPRegen  0.11/turn              (no ring)
MPRegen  0.09/turn              (no ring)

@: no status effects
A: negative energy resistance 1, electricity resistance, unbreathing,
petrification resistance, rot immunity, AC +4
a: no special abilities


You were on level 2 of the Dungeon.
You were hungry.

You visited 1 branch of the dungeon, and saw 2 of its levels.

You collected 119 gold pieces.

Inventory:

Hand Weapons
 a - a +0 hand axe (weapon)
 n - a +1 whip of venom
   (You took it off a kobold on level 2 of the Dungeon)
Missiles
 l - 3 stones (quivered)
Armour
 b - a +0 robe (worn)
 f - a scarf of cloud immunity (worn)
   (You found it on level 1 of the Dungeon)
Scrolls
 d - a scroll of amnesia {unknown}
 e - a scroll of noise {unknown}
 g - 2 scrolls of remove curse {unknown}
 h - 2 scrolls of identify {unknown}
 i - a scroll of teleportation {unknown}
 j - 2 scrolls of fear {unknown}
 k - a scroll of enchant armour {unknown}
Comestibles
 c - 2 rations {@e1}


   Skills:
 + Level 4.4 Fighting
 + Level 5.0 Axes
 - Level 2.4 Dodging
 - Level 2.1 Stealth


You had 4 spell levels left.
You didn't know any spells.

Dungeon Overview and Level Annotations

Branches:
Dungeon (2/15)

Altars:
Xom
Zin


Innate Abilities, Weirdness & Mutations

You are resistant to torment.
Your stone body is resilient. (AC +4)
You are immune to poison.
You resist negative energy. (rN+)
You are resistant to electric shocks. (rElec)
You can survive without breathing.
You are immune to petrification.
You are immune to rotting.


Message History

There's nothing to open nearby.
There's nothing to open nearby.
You see here a rat skeleton.
There is an open door here.
You see here a club.
There is an open door here.
You see here a robe.
You are feeling hungry.
l - 3 stones (gained 1)
There is an open gate here.
l - 4 stones (gained 1)
l - 5 stones (gained 1)
l - 8 stones (gained 3)
You see here a short sword.
An orc wizard comes into view. It is wielding a dagger.
An orc wizard is nearby!
An orc wizard is nearby!
Throwing (i - inventory)
l - 8 stones (quivered)
Aim: an orc wizard, wielding a dagger and wearing a robe (resting)
You throw a stone.
The stone hits the orc wizard but does no damage.
The orc wizard shouts!
You hear a shout! x2
Throwing (i - inventory)
l - 7 stones (quivered)
Aim: an orc wizard, wielding a dagger and wearing a robe You throw a stone.
The stone barely misses the orc wizard.
An orc wizard comes into view. It is wielding a dagger.
Throwing (i - inventory)
l - 6 stones (quivered)
Aim: an orc wizard, wielding a dagger and wearing a robe You throw a stone.
The stone hits the orc wizard but does no damage.
An orc comes into view. It is wielding a whip.
Throwing (i - inventory)
l - 5 stones (quivered)
Aim: an orc wizard, wielding a dagger and wearing a robe You throw a stone.
The stone closely misses the orc wizard.
The orc shouts!
You hit the orc wizard.
The orc wizard casts a spell.
The orc wizard flickers and vanishes!
Deactivating autopickup; reactivate with Ctrl-A.
An orc comes into view. It is wielding a club.
Throwing (i - inventory)
l - 4 stones (quivered)
Aim: an orc wizard, wielding a dagger and wearing a robe You throw a stone.
The stone hits the orc wizard but does no damage.
The orc wizard mumbles some strange words.
The orc wizard seems to speed up.
Something hits you but does no damage.
You miss something. Something hits you but does no damage.
You closely miss something.
You hit the orc wizard but do no damage.
You hit something.
The orc wizard gestures at you while chanting.
The puff of frost hits you! Something hits you but does no damage.
You take 8 damage, and have 26/34 hp.
MASSIVE DAMAGE!!
You closely miss the orc wizard. You miss something.
The orc wizard hits you with a dagger. Something hits you.
The orc wizard hits you but does no damage.
You take 4 damage, and have 22/34 hp.
You closely miss the orc wizard. You hit something.
The orc wizard begins to cast a cantrip, but forgets the words!
Something hits you.
You take 1 damage, and have 21/34 hp.
You completely miss the orc wizard. You hit something but do no damage.
The orc wizard barely misses you. The orc wizard casts a spell at you.
The puff of flame hits you!
You take 8 damage, and have 13/34 hp.
MASSIVE DAMAGE!!
You hit the orc wizard. You closely miss something.
The orc wizard begins to cast a cantrip, but forgets the words!
Something hits you but does no damage.
You hit the orc wizard but do no damage.
You hit the orc. You closely miss something. The orc wizard closely misses you.
The orc hits you with a whip.
You hear some strange, mumbled words.
A puff of flame appears from out of thin air!
The puff of flame hits you!
* * * LOW HITPOINT WARNING * * *
The orc wizard closely misses you.
You take 6 damage, and have 7/34 hp.
You hit the orc wizard. You hit something.
Reactivating autopickup.
You feel your dexterity returning.
Your Axes skill increases to level 5!
You feel a bit more experienced.
You hit the orc. The orc wizard misses you.
Unknown command.
The orc hits you with a whip.
* * * LOW HITPOINT WARNING * * *
The orc wizard hits you but does no damage.
You take 5 damage, and have 2/34 hp.
Unknown command.
You aren't carrying any potions.
Unknown command.
You closely miss the orc wizard. You barely miss the orc.
The orc wizard barely misses you. x2; The orc barely misses you.
You hit the orc but do no damage. You hit the orc wizard.
You hit the orc but do no damage. The orc hits you with a club.
You die...

. (. ##########(#
#....oo..(.##. #.##.@o.(.>...
#.##.#####.### #.##.# #.##.#
##### #.##.# ##########....
#########.##.####......##'.÷PP
#.........##..##.......#)#....
##.#########..'.....[..#.#.P÷P
#.# #.))........#.#..÷.


You could see an orc wizard and 2 orcs.

Vanquished Creatures
  2 jellies (D:2)
  An orc wizard (D:2)
  A hound skeleton (D:2)
  2 adders (D:2)
  7 oozes (D:2)
  A worm (D:2)
  2 dart slugs (D:1)
  A leopard gecko (D:2)
  6 goblins
  6 bats
  3 frilled lizards
  9 kobolds
  4 rats (D:1)
45 creatures vanquished.

Vanquished Creatures (others)
  11 toadstools
11 creatures vanquished.

Grand Total: 56 creatures vanquished

Notes
Turn   | Place    | Note
-------+----------+-------------------------------------------
     0 | D:1      | Deeps the Gargoyle Monk began the quest for the Orb.
     0 | D:1      | Reached XP level 1. HP: 14/14 MP: 1/1
   134 | D:1      | Reached XP level 2. HP: 14/19 MP: 2/2
   158 | D:1      | Reached skill level 3 in Axes
   727 | D:2      | Reached XP level 3. HP: 11/24 MP: 3/3
   967 | D:2      | Reached skill level 4 in Fighting
  1144 | D:2      | Found a glowing silver altar of Zin.
  1145 | D:2      | Noticed an angel
  1149 | D:2      | Found a shimmering altar of Xom.
  1197 | D:2      | Reached XP level 4. HP: 18/29 MP: 4/4
  1567 | D:2      | Reached skill level 4 in Axes
  1836 | D:2      | HP: 6/29 [acid (4)]
  1837 | D:2      | HP: 2/29 [acid (5)]
  1838 | D:2      | Reached XP level 5. HP: 2/33 MP: 5/5
  1855 | D:2      | HP: 1/33 [ooze (3)]
  1864 | D:2      | HP: 8/33 [ooze (1)]
  2457 | D:2      | HP: 7/34 [something/puff of flame (4)]
  2458 | D:2      | Reached skill level 5 in Axes
  2459 | D:2      | HP: 2/34 [orc/whip (5)]
  2461 | D:2      | Slain by an orc

Vault maps used:
D:1:      ldierk_water_garden
D:2:      cheibrodos_fertilizer, grunt_temple_overflow_order_and_chaos_1,
          first_ration

Skill      XL: |  1  2  3  4  5 |
---------------+----------------+-----
Axes           | 3 4 5 |  5.0
Fighting       | 4 |  4.4
Dodging        | |  2.4
Stealth        | |  2.1

Action                   |  1- 3 |  4- 6 || total
-------------------------+-------+-------++-------
Melee: Hand axe          |    84 |    82 ||   166
Throw: Stone             |       |     9 ||     9
  Use: Potion            |       |     2 ||     2
 Stab: Sleeping          |     4 |     2 ||     6
  Eat: Chunk             |       |     1 ||     1
       Ration            |       |     1 ||     1
Armor: Robe              |    23 |    27 ||    50
Dodge: Dodged            |    64 |    59 ||   123

Table legend:
 A = Spawn XP
 B = Non-spawn XP
 C = Spawn XP percentage of total XP
 D = Spawn monster count
 E = Non-spawn monster count
 F = Spawn count percentage of total count
 G = Total turns spent on level
                    A         B        C        D         E        F      G
               +---------+---------+-------+---------+---------+-------+---------
         Total |       0 |     267 |   0.0 |       0 |      45 |   0.0 |  2461
               +---------+---------+-------+---------+---------+-------+---------
           D:1 |       0 |      24 |   0.0 |       0 |      14 |   0.0 |   688
           D:2 |       0 |     243 |   0.0 |       0 |      31 |   0.0 |  1773
               +---------+---------+-------+---------+---------+-------+---------

Vault maps used:
D:1:      ldierk_water_garden
D:2:      cheibrodos_fertilizer, grunt_temple_overflow_order_and_chaos_1,
          first_ration

Table legend:
 A = Turns spent in this place as a percentage of turns spent in the entire game.
 B = Non-inter-level travel turns spent in this place as a percentage of non-inter-level travel turns spent in the entire game.
 C = Inter-level travel turns spent in this place as a percentage of turns spent in this place.
 D = Turns resting spent in this place as a percentage of non-inter-level travel turns spent in this place.
 E = Turns spent auto-exploring this place as a percentage of non-inter-level travel turns spent in this place.
 F = Non-inter-level travel turns spent in this place divided by the number of levels of this place that you've seen.
                   A       B       C       D       E      F
               +-------+-------+-------+-------+-------+----------------------
         Total | 100.0 | 100.0 |   0.0 |  40.6 |  40.6 | 1230.5
       Dungeon | 100.0 | 100.0 |   0.0 |  40.6 |  40.6 | 1230.5
               +-------+-------+-------+-------+-------+----------------------

Table legend:
 A = Kills in this place as a percentage of kills in entire the game.
 B = Kills by you in this place as a percentage of kills by you in the entire game.
 C = Kills by friends in this place as a percentage of kills by friends in the entire game.
 D = Other kills in this place as a percentage of other kills in the entire game.
 E = Experience gained in this place as a percentage of experience gained in the entire game.
 F = Experience gained in this place divided by the number of levels of this place that you have seen.
                   A       B       C       D       E      F
               +-------+-------+-------+-------+-------+----------------------
         Total | 100.0 | 100.0 |   N/A |   N/A | 100.0 | 133.5
       Dungeon | 100.0 | 100.0 |   N/A |   N/A | 100.0 | 133.5
               +-------+-------+-------+-------+-------+----------------------
